 Dungeon Crawl Stone Soup version 0.21.0-3-g78d12a8 (webtiles) character file.

74 komo4ek the Magician (level 4, -1/30 HPs)
             Began as a Human Wizard on Jan 15, 2018.
             Slain by an orc priest
             ... wielding a +0 falchion
              (8 damage)
             ... on level 2 of the Dungeon.
             The game lasted 00:06:28 (2619 turns).

komo4ek the Magician (Human Wizard)                 Turns: 2619, Time: 00:06:29

Health: -1/30      AC:  2    Str:  6 (7)  XL:     4   Next: 52%
Magic:  9/18       EV: 12    Int: 18 (19) God:
Gold:   112        SH:  0    Dex:  9 (12) Spells: 1/10 levels left

rFire    . . .     SeeInvis .   k - +0 dagger
rCold    . . .     Gourm    .   (no shield)
rNeg     . . .     Faith    .   a - +0 robe
rPois    .         Spirit   .   b - +0 hat
rElec    .         Reflect  .   (no cloak)
rCorr    .         Harm     .   (no gloves)
MR       +....                  (no boots)
Stlth    ++........             (no amulet)
HPRegen  0.10/turn              f - ring of magical power
MPRegen  0.16/turn              q - ring of protection from magic

@: very slightly contaminated, hasted (expiring), very quick
A: no striking features
a: no special abilities


You were on level 2 of the Dungeon.
You were not hungry.

You visited 1 branch of the dungeon, and saw 3 of its levels.

You collected 112 gold pieces.

Inventory:

Hand Weapons
 k - a +0 dagger (weapon)
Armour
 a - a +0 robe (worn)
 b - a +0 hat (worn)
Jewellery
 f - a ring of magical power (left hand)
 q - a ring of protection from magic (right hand)
Scrolls
 e - a scroll of identify {unknown}
 h - 2 scrolls of remove curse {unknown}
 j - a scroll of random uselessness {unknown}
 o - a scroll of noise {unknown}
Books
 c - a book of Minor Magic

   Spells                             Type                      Level
   a - Magic Dart                     Conjuration                  1
   b - Blink                          Translocation                2
   c - Call Imp                       Summoning                    2
   d - Slow                           Hexes                        2
   e - Conjure Flame                  Conjuration/Fire             3
   f - Mephitic Cloud                 Conjuration/Poison/Air       3
Comestibles
 d - 2 rations


   Skills:
 - Level 2.0 Dodging
 - Level 2.0 Stealth
 + Level 3.9 Spellcasting
 + Level 2.8 Conjurations
   Level 1.0 Summonings
 - Level 1.0 Translocations


You had one spell level left.
You knew the following spells:

 Your Spells              Type           Power        Failure   Level  Hunger
a - Magic Dart            Conj           ##..         4%          1    None
b - Blink                 Tloc           N/A          14%         2    ##.....
c - Conjure Flame         Conj/Fire      #.......     24%         3    ###....
d - Mephitic Cloud        Conj/Pois/Air  #.......     30%         3    ###....


Dungeon Overview and Level Annotations

Branches:
Dungeon (3/15)

Altars:

Annotations:
D:3 Grinder


Message History

Aim: an orc priest, wielding a falchion and wearing a ring mail (severely wounded)
The magic dart hits the orc priest.
The orc priest is severely wounded.
The orc priest hits you with a falchion.
* * * LOW HITPOINT WARNING * * *
Casting: Magic Dart
Confirm with . or Enter, or press ? or * to list all spells.
Aiming: Magic Dart
Press: ? - help, Shift-Dir - straight line, f/p - orc priest
Aim: an orc priest, wielding a falchion and wearing a ring mail (severely wounded)
You miscast Magic Dart.
Nothing appears to happen.
Casting: Magic Dart
Confirm with . or Enter, or press ? or * to list all spells.
Aiming: Magic Dart
Press: ? - help, Shift-Dir - straight line, f/p - orc priest
Aim: an orc priest, wielding a falchion and wearing a ring mail (severely wounded)
The magic dart hits the orc priest.
The orc priest is severely wounded.
The orc priest hits you with a falchion!
You die...

##########
#........#
#....[...# ###
#....>)..# #.#
#....o.(.# ##.#
#....@...# #..#
#........# ##..#
#........#######..##
#..........#......#
#............###.##
#........#..####.#
##########.......##
###.#####..## #...#
#.).###


You could see an orc priest.

Vanquished Creatures
  2 oozes (D:2)
  A worm (D:3)
  3 dart slugs
  A leopard gecko (D:1)
  6 orcs
  7 bats
  6 giant cockroaches
  6 goblins (D:2)
  4 kobolds
  A quokka (D:2)
  A ball python (D:2)
  6 frilled lizards
  7 rats
51 creatures vanquished.

Notes
Turn   | Place    | Note
-------+----------+-------------------------------------------
     0 | D:1      | komo4ek the Human Wizard began the quest for the Orb.
     0 | D:1      | Reached XP level 1. HP: 13/13 MP: 4/4
   316 | D:1      | Reached XP level 2. HP: 17/19 MP: 0/6
   830 | D:1      | Reached XP level 3. HP: 21/24 MP: 1/7
  1805 | D:2      | Reached XP level 4. HP: 30/30 MP: 9/9
  2017 | D:2      | Learned a level 2 spell: Blink
  2021 | D:2      | Learned a level 3 spell: Conjure Flame
  2025 | D:2      | Learned a level 3 spell: Mephitic Cloud
  2110 | D:3      | Noticed Grinder
  2619 | D:2      | Slain by an orc priest

Skill      XL: |  1  2 |
---------------+-------+-----
Conjurations   | 2 |  2.8
Dodging        | |  2.0
Stealth        | |  2.0
Spellcasting   | |  3.9
Summonings     | |  1.0
Translocations | |  1.0

Action                   |  1- 3 |  4- 6 || total
-------------------------+-------+-------++-------
Melee: Unarmed           |    35 |       ||    35
       Dagger            |       |    15 ||    15
 Cast: Magic Dart        |    84 |    64 ||   148
  Use: Potion            |       |     6 ||     6
  Eat: Ration            |     1 |     1 ||     2
Armor: Robe              |    11 |     5 ||    16
Dodge: Dodged            |    34 |    28 ||    62
